AoeStats
← joselitopereirajr

Arena

510435167Analyzed
3v3 RM · 1d ago on Oct 1, 2026· 75m 24s· 6 players
Game mode
Random Map
Map size
Normal (6 player)
Population
200
Speed
Normal
Resources
Standard
Victory
Conquest
Starting age
Dark Age
Ending age
Imperial Age
RankedLock teamsTeams togetherTeam positionsShared explorationLock speedFull tech treeHidden civsTurbo modeCheats
Victory
Defeat
800
+16
🇲🇽 Romans · Mexico
681
+20
🇨🇳 Burmese · China
673
+21
🇧🇷 Khmer · Brazil
822
-20
🇧🇷 Malay · Brazil
806
-20
🇧🇷 Franks · Brazil
723
-17
dmartinez4758
0:32 Loom
13:16 Feudal Age
13:48 Double-Bit Axe
13:45 Horse Collar
19:26 Gold Mining
22:36 Castle Age
21:43 Man-at-Arms
23:11 Forging
23:03 Scale Mail Armor
24:29 Long Swordsman
28:20 Squires
28:56 Bow Saw
30:13 Heavy Plow
31:20 Stone Mining
32:08 Gold Shaft Mining
33:12 Caravan
36:30 Ballistas
38:59 Imperial Age
37:05 Wheelbarrow
36:16 Town Watch
37:13 Chain Mail Armor
37:34 Iron Casting
39:11 Capped Ram
41:44 Blast Furnace
42:04 Legionary
43:57 Hand Cart
43:45 Town Patrol
43:37 Siege Ram
43:41 Heavy Scorpion
44:26 Pikeman
46:52 Chemistry
46:22 Ballistics
48:10 Onager
51:13 Fortified Wall
50:59 Murder Holes
55:45 Halberdier
プッシー・デストロイ
5:18 Loom
13:09 Feudal Age
18:38 Castle Age
16:52 Double-Bit Axe
21:46 Wheelbarrow
24:39 Scale Mail Armor
26:16 Bow Saw
26:46 Forging
30:05 Hand Cart
30:27 Gold Mining
30:28 Stone Mining
30:46 Scale Barding Armor
35:48 Imperial Age
34:14 Iron Casting
33:55 Chain Mail Armor
34:01 Chain Barding Armor
33:30 Town Watch
33:55 Husbandry
34:19 Pikeman
36:19 Cavalier
39:17 Town Patrol
40:36 Blast Furnace
40:12 Plate Barding Armor
40:35 Plate Mail Armor
40:09 Squires
40:27 Halberdier
41:25 Paladin
42:03 Fletching
42:31 Caravan
44:38 Gold Shaft Mining
44:02 Arson
44:04 Gambesons
46:52 Chemistry
46:14 Ballistics
46:00 Siege Engineers
47:17 Bodkin Arrow
47:24 Padded Archer Armor
47:13 Onager
49:43 Leather Archer Armor
59:59 Heavy Scorpion
72:01 Coinage
71:49 Light Cavalry
欧皇
0:57 Loom
11:01 Feudal Age
12:55 Wheelbarrow
12:09 Town Watch
12:07 Horse Collar
15:04 Gold Mining
17:07 Stone Mining
17:51 Horse Collar
22:26 Castle Age
22:15 Fletching
22:38 Forging
22:38 Padded Archer Armor
Drakula Kill
11:12 Feudal Age
16:34 Castle Age
15:27 Double-Bit Axe
15:29 Horse Collar
17:24 Heavy Plow
17:45 Stone Mining
17:48 Gold Mining
18:34 Bow Saw
19:58 Padded Archer Armor
19:48 Fletching
24:00 Masonry
23:47 Murder Holes
24:03 Fortified Wall
25:56 Gold Shaft Mining
29:35 Leather Archer Armor
31:14 Bodkin Arrow
34:39 Imperial Age
34:20 Wheelbarrow
33:31 Loom
33:53 Heated Shot
37:07 Caravan
39:32 Ring Archer Armor
39:02 Bracer
39:39 Hand Cart
40:39 Chemistry
39:50 Siege Engineers
39:32 Heavy Scorpion
41:13 Conscription
42:17 Double Crossbow
43:17 Ballistics
43:33 Architecture
43:45 Town Watch
44:01 Elite Ballista Elephant
45:24 Forging
45:14 Scale Mail Armor
46:56 Iron Casting
47:59 Town Patrol
48:31 Crop Rotation
49:05 Blast Furnace
48:20 Chain Mail Armor
50:29 Elite Battle Elephant
57:02 Tusk Swords
57:56 Pikeman
58:35 Halberdier
73:12 Elite Skirmisher
Rênio Figueirêdo
12:47 Feudal Age
14:53 Double-Bit Axe
18:08 Castle Age
17:41 Gold Mining
19:10 Husbandry
24:57 Gold Shaft Mining
25:33 Elite Skirmisher
27:10 Bow Saw
28:02 Scale Barding Armor
33:48 Chain Barding Armor
35:10 Ballistics
39:16 Imperial Age
37:06 Forging
38:50 Stone Mining
40:09 Iron Casting
41:19 Cavalier
44:17 Loom
45:07 Wheelbarrow
44:20 Loom
44:25 Town Watch
45:26 Plate Barding Armor
48:04 Blast Furnace
47:54 Town Patrol
47:47 Paladin
48:24 Fletching
48:35 Padded Archer Armor
49:39 Chemistry
71:09 Coinage
70:45 Caravan
71:16 Coinage
70:48 Caravan
70:54 Caravan
71:25 Coinage
joselitopereirajr
11:48 Feudal Age
16:08 Castle Age
16:57 Horse Collar
22:40 Forging
27:45 Wheelbarrow
29:18 Iron Casting
30:40 Double-Bit Axe
32:21 Hand Cart
32:15 Heavy Plow
37:56 Imperial Age
36:53 Ballistics
37:21 Bow Saw
43:33 Conscription
42:34 Elite Karambit Warrior
44:26 Blast Furnace
45:05 Forced Levy
46:20 Chemistry
45:33 Gold Mining
49:22 Loom
50:40 Squires
50:27 Arson
61:04 Thumb Ring
60:20 Elite Skirmisher
63:10 Fletching
63:20 Padded Archer Armor
67:06 Bodkin Arrow
70:21 Gold Shaft Mining
70:13 Leather Archer Armor
71:02 Crossbowman
74:25 Ring Archer Armor
74:00 Bracer
Connection lost

Rejoining the realm…

Still unreachable

The connection could not be restored.

Session expired

The server has moved on; the page needs a fresh start.